 Dungeon Crawl Stone Soup version 0.26.1-11-gd32895ea62 (webtiles) character file.

Game seed: 16379309674700370618

3728 vvl the Missionary (level 10, -8/84 HPs)
             Began as a Hill Orc Monk on June 17, 2021.
             Was a Priest of Beogh.
             Mangled by Gastronok (29 damage)
             ... on level 8 of the Dungeon.
             The game lasted 00:30:00 (10555 turns).

vvl the Missionary (Hill Orc Monk)                 Turns: 10555, Time: 00:30:02

Health: -8/84      AC:  9    Str: 18    XL:     10   Next: 14%
Magic:  5/16       EV: 14    Int: 10    God:    Beogh [***...]
Gold:   359        SH:  0    Dex: 19    Spells: 9/9 levels left

rFire    . . .     SeeInvis .   r - +1 dagger (venom)
rCold    . . .     Faith    +   (no shield)
rNeg     . . .     Spirit   .   c - +2 ring mail {rPois}
rPois    +         Reflect  .   (no helmet)
rElec    .         Harm     .   i - scarf {repulsion}
rCorr    .         Rampage  .   (no gloves)
Will     .....                  b - +0 pair of boots
Stlth    +.........             h - amulet of faith
HPRegen  0.24/turn              y - +6 ring of dexterity
MPRegen  0.15/turn              (no ring)

@: slowed, repel missiles, very slow
A: no striking features
a: Renounce Religion, Smiting


You were on level 8 of the Dungeon.
You worshipped Beogh.
Beogh was most pleased with you.
You visited 1 branch of the dungeon, and saw 9 of its levels.

You collected 359 gold pieces.

Inventory:

Hand Weapons
 j - a +0 short sword of holy wrath
 r - a +1 dagger of venom (weapon)
 u - a +3 quarterstaff of chaos
 D - a +1 vorpal war axe
Armour
 b - a +0 pair of boots (worn)
 c - a +2 ring mail of poison resistance (worn)
 i - a scarf of repulsion (worn)
Magical Staves
 n - an uncursed staff of air {unknown}
Jewellery
 h - an amulet of faith (around neck)
 w - an uncursed amulet of regeneration
 y - a +6 ring of dexterity (left hand)
 H - an uncursed ring of fire {unknown}
Wands
 a - a wand of paralysis (5)
 C - a wand of enslavement (33)
 I - a wand of iceblast (8)
 J - a wand of flame (9)
Scrolls
 d - 4 scrolls of identify
 g - a scroll of immolation {unknown}
 k - 6 scrolls of magic mapping
 l - 2 scrolls of enchant weapon
 m - a scroll of fog {unknown}
 s - 2 scrolls of teleportation
 v - 2 scrolls of blinking
 x - a scroll of remove curse
 E - a scroll of summoning
 G - a scroll of enchant armour {unknown}
Potions
 e - 4 potions of brilliance
 f - 3 potions of curing
 o - a potion of haste {unknown}
 p - 3 potions of mutation {unknown}
 q - a potion of berserk rage {unknown}
 t - a potion of invisibility {unknown}
 z - a potion of might
 A - 2 potions of lignification {unknown}
 F - a potion of resistance {unknown}


   Skills:
 + Level 6.7 Fighting
 + Level 8.3 Axes
 + Level 3.5 Crossbows
 + Level 5.0 Armour
 + Level 4.5 Dodging
 - Level 1.5 Stealth
 + Level 5.0 Shields
 + Level 4.8 Fire Magic
 * Level 8.5 Invocations


You had 9 spell levels left.
You didn't know any spells.
Your spell library contained the following spells:

 Spells                   Type           Power        Failure   Level
 Animate Skeleton         Necr           0%           54%         1
 Apportation              Tloc           0%           54%         1
 Beastly Appendage        Tmut           0%           54%         1
 Corona                   Hex            0%           54%         1
 Summon Small Mammal      Summ           0%           54%         1
 Wereblood                Tmut           0%           67%         2
 Confusing Touch          Hex            0%           88%         3
 Gell's Gravitas          Tloc           0%           88%         3
 Lesser Beckoning         Tloc           0%           88%         3
 Spider Form              Tmut/Pois      0%           88%         3
 Tukima's Dance           Hex            0%           88%         3
 Ice Form                 Ice/Tmut       0%           99%         4
 Petrify                  Tmut/Erth      0%           99%         4
 Alistair's Intoxication  Tmut/Pois      0%           100%        5
 Blade Hands              Tmut           0%           100%        5
 Metabolic Englaciation   Hex/Ice        0%           100%        5
 Yara's Violent Unravell  Hex/Tmut       0%           100%        5
 Invisibility             Hex            0%           100%        6


Dungeon Overview and Level Annotations

Branches:
Dungeon (9/15)             Temple (0/1) D:4            Lair (0/6) D:8
    Orc: D:9-12

Altars:
Kikubaaqudgha
Makhleb
Okawaru
Trog
Uskayaw
Xom

Shops:
D:7 (

Annotations:
D:6 3 runed translucent doors, eagelman13508's ghost, novice TrBe
D:8 Gastronok


Message History

You feel yourself slow down.
Aiming: Smiting
Press: ? - help, Dir - move target, f/p - Gastronok Smite: Gastronok, wearing a +2 hat (moderately wounded, covering ground quickly, extremely poisoned)
You smite Gastronok!
Gastronok is heavily wounded.
Gastronok bites you!!
* * * LOW HITPOINT WARNING * * *
You feel much better.
You hit Gastronok.
Gastronok looks as sick as possible!
Gastronok is heavily wounded.
Gastronok bites you!!
* * * LOW HITPOINT WARNING * * *
Aiming: Smiting
Press: ? - help, Dir - move target, f/p - Gastronok Smite: Gastronok, wearing a +2 hat (heavily wounded, covering ground quickly, extremely poisoned)
You smite Gastronok!
Gastronok is severely wounded.
Gastronok bites you!!
You die...

#.....)......#
#.....(......#
#..##.(..#...#
#..###.###...#
...##.(.##...#
......_.##...#
...##..(.....#
#...###......#####
#..###...###....@#
....#............w......
........########.#######
######### .... .#### #.
#. # #. ##


You could see Gastronok (swift, extremely poisoned).

Vanquished Creatures
  Pikel (D:8)
  Maggie (D:8)
  A warg (D:8)
  Duvessa (D:7)
  3 sky beasts
  An orc warrior (D:7)
  An ice beast (D:7)
  5 ogres
  A lemure (D:8)
  A centaur (D:8)
  A bullfrog (D:6)
  Dowan (D:7)
  A wyvern zombie (D:8)
  A scorpion (D:6)
  2 electric eels (D:8)
  A howler monkey (D:5)
  A jelly (D:5)
  A quasit (D:5)
  A bullfrog zombie (D:6)
  2 hounds
  A centaur zombie (D:6)
  2 orc wizards
  Crazy Yiuf (D:3)
  2 orc priests
  An iron imp (D:4)
  2 iguanas
  11 worker ants
  A howler monkey zombie (D:5)
  4 gnolls (D:3)
  16 adders
  An ufetubus (D:7)
  An ooze (D:1)
  An adder skeleton (D:5)
  5 worms
  3 dart slugs
  5 leopard geckos
  15 orcs
  8 giant cockroaches
  8 goblins
  11 hobgoblins
  3 jackals (D:4)
  6 quokkas
  A ball python (D:2)
  5 bats
  7 frilled lizards
  A jackal skeleton (D:5)
  10 kobolds
  10 rats
170 creatures vanquished.

Vanquished Creatures (collateral kills)
  A wyvern (D:8)
  A warg (D:8)
  A sky beast (D:8)
  An ogre (D:7)
  A centaur (D:7)
  2 bullfrogs
  2 orc priests
  A jelly (D:5)
  An orc wizard (D:8)
  An ooze (D:7)
  An orc (D:7)
  A quokka (D:6)
14 creatures vanquished.

Vanquished Creatures (others)
  A warg (D:8)
  2 orc warriors
  An orc priest (D:3)
  An orc wizard (D:3)
  7 orcs
  9 plants (D:8)
21 creatures vanquished.

Grand Total: 205 creatures vanquished

Notes
Turn   | Place    | Note
-------+----------+-------------------------------------------
     0 | D:1      | vvl the Hill Orc Monk began the quest for the Orb.
     0 | D:1      | Reached XP level 1. HP: 19/19 MP: 1/1
   162 | D:1      | Reached XP level 2. HP: 27/27 MP: 2/2
   377 | D:1      | Reached skill level 1 in Invocations
   377 | D:1      | Reached XP level 3. HP: 33/33 MP: 3/3
   403 | D:1      | Reached skill level 1 in Shields
  1345 | D:2      | Reached skill level 1 in Armour
  1406 | D:2      | Reached XP level 4. HP: 40/40 MP: 5/5
  1555 | D:3      | Became a worshipper of Beogh the Brigand
  1555 | D:3      | Reached * piety under Beogh
  1555 | D:3      | Reached ** piety under Beogh
  2443 | D:3      | Found a runed translucent door.
  2444 | D:3      | Noticed Crazy Yiuf
  2510 | D:3      | Reached skill level 5 in Axes
  2510 | D:3      | Reached XP level 5. HP: 43/46 MP: 6/6
  2779 | D:4      | Reached skill level 1 in Fire Magic
  3162 | D:3      | Reached XP level 6. HP: 48/52 MP: 8/8
  3720 | D:3      | Killed Crazy Yiuf
  4625 | D:4      | Found a staircase to the Ecumenical Temple.
  4845 | D:4      | Reached XP level 7. HP: 58/60 MP: 9/9
  5051 | D:4      | Found a burning altar of Makhleb.
  5214 | D:5      | Entered Level 5 of the Dungeon
  5218 | D:5      | Reached *** piety under Beogh
  5241 | D:5      | Reached skill level 1 in Crossbows
  5813 | D:5      | Reached skill level 5 in Fighting
  5813 | D:5      | Reached XP level 8. HP: 59/68 MP: 11/11
  5815 | D:5      | Reached skill level 5 in Invocations
  6161 | D:5      | Found an ancient bone altar of Kikubaaqudgha.
  6161 | D:5      | Found an iron altar of Okawaru.
  6244 | D:6      | Noticed a +0 dagger
  6245 | D:6      | Found a hide-covered altar of Uskayaw.
  6245 | D:6      | Noticed a +0 hand axe
  6422 | D:6      | Noticed eagelman13508's ghost (novice TrBe)
  6427 | D:6      | Found a runed translucent gate.
  6427 | D:6      | Found a runed translucent gate.
  6427 | D:6      | Found a runed translucent gate.
  6427 | D:6      | Identified the +6 whip of the Ninety-Nine Seas {drain,
                  | Int+2}
  7326 | D:7      | Found a shimmering altar of Xom.
  7326 | D:7      | Found a shimmering altar of Xom.
  7634 | D:7      | Noticed Dowan
  7636 | D:7      | Noticed Duvessa
  7664 | D:7      | Killed Duvessa
  7665 | D:7      | Reached XP level 9. HP: 62/75 MP: 13/13
  7670 | D:7      | Reached **** piety under Beogh
  7674 | D:7      | Killed Dowan
  8221 | D:7      | Found Turchougg's Antique Weapon Emporium.
  9169 | D:8      | Noticed Maggie
  9188 | D:8      | Killed Maggie
  9188 | D:8      | Gained Ugbert as an ally
  9712 | D:8      | Found a staircase to the Lair.
  9712 | D:8      | Noticed Pikel
  9732 | D:8      | Your ally Ugbert died
 10031 | D:8      | Killed Pikel
 10032 | D:8      | Reached skill level 5 in Armour
 10032 | D:8      | Reached skill level 5 in Shields
 10032 | D:8      | Reached XP level 10. HP: 46/84 MP: 16/16
 10442 | D:8      | Found a bloodstained altar of Trog.
 10541 | D:8      | Noticed Gastronok
 10555 | D:8      | Mangled by Gastronok

Illustrated notes

Levels and vault maps discovered:
D:1:      dpeg_arrival_stonehenge_8_columns, layout_basic,
          minmay_misc_feat_encased, minmay_three_crescents
D:2:      layout_loops_ring
D:3:      layout_basic, cheibrodos_sewer_entry_sluice, uniq_crazy_yiuf_cottage
D:4:      layout_cave_pools, makhleb_grotto_becter, temple_fountains
D:5:      layout_basic, gammafunk_temple_overflow_statue
D:6:      layout_basic, dancing_weapons_uskayaw, gammafunk_ghost_nasty_kobolds
D:7:      layout_basic, xom_redecorated, serial_shops, kennysheep_mini_moat,
          uniq_duvessa
D:8:      layout_loops_ring, erik_lair_orcish_takeover, basic_altar,
          serial_bayou_ford_a, trog_three_pillars_becter, uniq_pikel,
          uniq_maggie, uniq_joseph, uniq_gastronok
D:9:      layout_loops_ring, zin_scriptorium,
          kennysheep_orc_monster_closet_entryway, gammafunk_ghost_nasty_kobolds

Skill      XL: |  1  2  3  4  5  6  7  8  9 |
---------------+----------------------------+-----
Invocations    | 1 2 3 4 6 8 |  8.5
Shields        | 1 2 3 5 |  5.0
Armour         | 1 2 3 5 |  5.0
Fighting       | 4 5 6 |  6.7
Axes           | 5 6 7 8 |  8.3
Fire Magic     | 1 2 3 4 |  4.8
Dodging        | 3 4 |  4.5
Crossbows      | 1 2 3 |  3.5
Stealth        | |  1.5

Action                   |  1- 3 |  4- 6 |  7- 9 | 10-12 || total
-------------------------+-------+-------+-------+-------++-------
Melee: Hand axe          |   137 |   155 |       |       ||   292
       Dagger            |       |   134 |   423 |    22 ||   579
Invok: Convert to Beogh  |       |     1 |       |       ||     1
       Smiting           |       |       |     2 |     4 ||     6
Evoke: Wand              |       |       |     5 |       ||     5
  Use: Potion            |       |     1 |       |     1 ||     2
       Scroll            |       |     6 |     7 |       ||    13
 Stab: Distracted        |       |       |     1 |       ||     1
       Paralysed         |       |       |     1 |       ||     1
       Sleeping          |       |       |     1 |       ||     1
Armor: Ring mail         |    60 |   140 |   143 |     6 ||   349
Dodge: Dodged            |    92 |   190 |   275 |    11 ||   568
       Repelled          |     1 |     1 |       |       ||     2
